 Dungeon Crawl Stone Soup version 0.18-a0-1764-gf4ddf0b (webtiles) character file.

2389 Ratboiler the Basher (level 9, -9/88 HPs)
             Began as an Octopode Wanderer on Apr 13, 2016.
             Was a Believer of Trog.
             Mangled by a phantom (10 damage)
             ... on level 6 of the Dungeon.
             The game lasted 00:35:10 (10446 turns).

Ratboiler the Basher (Octopode Wanderer)           Turns: 10446, Time: 00:35:11

Health: -9/88      AC:  1    Str: 20    XL:     9   Next: 46%
Magic:  9/9        EV:  6    Int: 14    God:    Trog [**....]
Gold:   256        SH:  3    Dex: 13    Spells: 0 memorised, 8 levels left

rFire  . . .     SeeInvis .     x - +0 whip (freeze)
rCold  . . .     Gourm    .     y - +0 buckler
rNeg   . . .     Faith    .     (helmet restricted)
rPois  .         Spirit   .     (no amulet)
rElec  .         Dismiss  .     (no ring)
rCorr  .         Reflect  .     (no ring)
SustAt .         Harm     .     (no ring)
MR     .....                    (no ring)
Stlth  ..........               (no ring)
                                (no ring)
                                (no ring)
                                (no ring)

@: berserking (expiring), drained, very quick, not resistant to hostile
enchantments, extremely unstealthy
A: almost no armour, amphibious, 8 rings, constrict 8, camouflage 1, robust 1,
strong 1, gelatinous body 1
a: Berserk, Trog's Hand, Burn Spellbooks, Renounce Religion


You were on level 6 of the Dungeon.
You worshipped Trog.
Trog was pleased with you.
You were not hungry.

You visited 1 branch of the dungeon, and saw 7 of its levels.

You collected 256 gold pieces.

Inventory:

Hand Weapons
 a - a +3 flail of draining
 b - a +2 blowgun
 q - a +0 mace
 t - a +0 whip
 x - a +0 whip of freezing (weapon)
Missiles
 c - a curare-tipped needle
 h - 189 stones (quivered)
 p - 40 sling bullets
 s - 4 needles of confusion
 D - 12 poisoned needles
Armour
 y - a +0 buckler (worn)
 I - a +0 shield
Wands
 m - a wand of digging (0/24)
 A - a wand of flame (30/48)
 C - a wand of confusion (16/48)
Scrolls
 e - 3 scrolls of enchant armour
 j - 2 scrolls of teleportation
 n - 4 scrolls of recharging
 v - a scroll of fog
 B - a scroll of magic mapping
 F - a scroll of identify
Potions
 d - a potion of lignification
 g - 3 potions of curing
 i - a potion of ambrosia
 k - a potion of cancellation {unknown}
 l - a potion of haste {unknown}
 o - 2 potions of might
 r - 2 potions of brilliance {unknown}
 u - 2 potions of heal wounds
 w - 2 potions of invisibility {unknown}
 z - a potion of agility
 E - a potion of flight {unknown}
 H - a potion of mutation {unknown}
Comestibles
 f - a bread ration
 G - 3 chunks of flesh


   Skills:
 - Level 2.0(1.8) Fighting
 + Level 12.1(11.9) Maces & Flails
   Level 5.0(4.8) Bows
 - Level 1.0(0.8) Throwing
 - Level 1.0(0.8) Dodging
 - Level 1.1(0.9) Evocations


You had 8 spell levels left.
You didn't know any spells.

Dungeon Overview and Level Annotations

Branches:
Dungeon (7/15)             Temple (0/1) D:5

Altars:
Gozag
Nemelex Xobeh
Ru
Trog
Vehumet

Annotations:
D:3 Sagrath01's ghost, amateur MfTm
D:5 exclusion: door
D:6 Qrupt's ghost, novice DgFi
D:7 Duffy's ghost, novice FoWn


Innate Abilities, Weirdness & Mutations

You cannot wear most types of armour.
You are amphibious.
You can wear up to eight rings at the same time.
You can use your tentacles to constrict eight enemies at once.
Your skin changes colour to match your surroundings (Stealth).
Your rubbery body absorbs attacks (AC +1).
You are robust (+10% HP).
Your muscles are strong. (Str +2)


Message History

You hit the phantom.
The phantom is moderately damaged.
You hit the phantom.
The phantom is heavily damaged.
The phantom hits you.
* * * LOW HITPOINT WARNING * * *
You whack the phantom!
The phantom is almost destroyed.
Qrupt's ghost hits you.
* * * LOW HITPOINT WARNING * * *
You closely miss the phantom.
The phantom is almost destroyed.
The phantom hits you!
* * * LOW HITPOINT WARNING * * *
You barely miss the phantom.
The phantom is almost destroyed.
Qrupt's ghost hits you.
* * * LOW HITPOINT WARNING * * *
The phantom hits you!
You die...

≈,≈≈≈*#W#
#..###.......#
,,,≈≈*#.# #..#
#.####.##
,_,≈≈##.####..###.#
#..#
,,,≈≈#............#
#.##
≈≈≈≈≈##.#######..##
#.# ≈≈≈≈###.# #..#
#.# ****#...# #..#
#.# ##### #.W# #.#
#.@# #.# #W.# #.#
#..# #.#
###..####.#
#.........#
#......####
#....>.# #.....?#
#.###[##


You could see a phantom and Qrupt's ghost.

Vanquished Creatures
  Pikel (D:7)
  A hungry ghost (D:7)
  A sky beast (D:5)
  2 ice beasts (D:6)
  An ogre (D:5)
  2 centaurs
  Blork the orc (D:6)
  2 giant frogs
  A wyvern skeleton (D:7)
  A scorpion (D:5)
  3 wights (D:7)
  2 crimson imps
  A centaur zombie (D:6)
  7 hounds
  A jelly (D:7)
  3 centaur skeletons
  5 iguanas
  An orc wizard (D:7)
  2 worker ants
  A howler monkey skeleton (D:6)
  A worker ant zombie (D:4)
  3 gnolls
  6 adders
  2 oozes (D:6)
  2 adder zombies (D:4)
  3 worms (D:2)
  4 dart slugs
  4 giant geckos
  15 orcs
  3 giant cockroaches
  9 goblins
  15 hobgoblins
  9 jackals
  2 quokkas
  A ball python (D:1)
  A ball python zombie (D:4)
  5 bats
  A giant cockroach zombie (D:4)
  5 giant newts
  7 kobolds
  A quokka zombie (D:4)
  6 rats
144 creatures vanquished.

Vanquished Creatures (others)
  3 slaves (D:7)
  An ice beast (D:7)
  A wight (D:7)
  A giant frog zombie (D:7)
  A gnoll (D:7)
  A quokka (D:7)
  A jackal skeleton (D:7)
9 creatures vanquished.

Grand Total: 153 creatures vanquished

Notes
Turn   | Place    | Note
--------------------------------------------------------------
     0 | D:1      | Ratboiler the Octopode Wanderer began the quest for the Orb.
     0 | D:1      | Ratboiler set off with: a curare-tipped needle, a +2 blowgun, a +0 mace, a potion of lignification, a bread ration
     0 | D:1      | Reached XP level 1. HP: 14/14 MP: 1/1
   267 | D:1      | Reached skill level 1 in Maces & Flails
   519 | D:1      | Reached XP level 2. HP: 19/19 MP: 2/2
   931 | D:1      | Reached skill level 2 in Maces & Flails
  1250 | D:2      | Reached XP level 3. HP: 13/24 MP: 3/3
  1809 | D:2      | Reached skill level 3 in Maces & Flails
  1845 | D:2      | Found a bloodstained altar of Trog.
  2091 | D:2      | Became a worshipper of Trog the Wrathful
  2468 | D:3      | Noticed Sagrath01's ghost (amateur MfTm)
  2766 | D:3      | Reached XP level 4. HP: 29/29 MP: 4/4
  2891 | D:3      | Found an opulent altar of Gozag.
  2891 | D:3      | Found a sparkling altar of Nemelex Xobeh.
  3956 | D:3      | Noticed a giant frog
  4017 | D:4      | Reached skill level 4 in Maces & Flails
  4126 | D:4      | Reached XP level 5. HP: 34/34 MP: 5/5
  4275 | D:4      | Reached skill level 5 in Maces & Flails
  4425 | D:4      | Noticed an ogre
  4718 | D:4      | Reached XP level 6. HP: 19/39 MP: 6/6
  4896 | D:4      | Noticed a phantom
  5072 | D:5      | Entered Level 5 of the Dungeon
  5080 | D:5      | Reached skill level 6 in Maces & Flails
  5130 | D:5      | Found a staircase to the Ecumenical Temple.
  5173 | D:5      | Noticed a sky beast
  5503 | D:2      | Reached * piety under Trog
  5602 | D:3      | Reached skill level 7 in Maces & Flails
  5602 | D:3      | Reached XP level 7. HP: 27/45 MP: 7/7
  6113 | D:5      | Gained mutation: Your muscles are strong. (Str +2) [mutagenic meat]
  6115 | D:5      | Gained mutation: You are robust (+10% HP). [mutagenic meat]
  6529 | D:5      | Reached skill level 8 in Maces & Flails
  6830 | D:5      | Reached ** piety under Trog
  6859 | D:6      | Found a bloodstained altar of Trog.
  7051 | D:6      | Reached XP level 8. HP: 55/55 MP: 8/8
  7342 | D:6      | Reached skill level 9 in Maces & Flails
  7412 | D:6      | Noticed Blork the orc
  7440 | D:6      | Found a radiant altar of Vehumet.
  7580 | D:6      | Noticed Qrupt's ghost (novice DgFi)
  7764 | D:7      | Noticed Pikel
  7862 | D:6      | Killed Blork the orc
  7919 | D:7      | Killed Pikel
  7919 | D:7      | Reached skill level 10 in Maces & Flails
  7919 | D:7      | Reached XP level 9. HP: 30/59 MP: 9/9
  8115 | D:7      | Reached skill level 11 in Maces & Flails
  9012 | D:6      | Found a sacrificial altar of Ru.
  9257 | D:7      | Noticed Duffy's ghost (novice FoWn)
 10057 | D:7      | Reached skill level 12 in Maces & Flails
 10445 | D:6      | HP: 1/88 [Qrupt's ghost (4)]
 10446 | D:6      | Mangled by a phantom

Vault maps used:
D:1:      matt_arrival_refuge
D:2:      old_standard_altar, first_bread
D:3:      grunt_temple_overflow_opulence
D:4:      serial_undead, serial_undead_f, serial_undead_e, serial_undead_c,
          serial_undead_a
D:5:      temple_green, kennysheep_generic_room_11
D:6:      led_sif_pool, nicolae_ru_sacrificial_ziggurat,
          overflow_temple_1_default, trog_hazing_becter, uniq_menkaure,
          uniq_blork_the_orc
D:7:      gammafunk_pakellas_statue_experiment, makhleb_grotto_becter,
          gammafunk_temple_overflow_pools, uniq_pikel

Skill      XL: |  1  2  3  4  5  6  7  8  9 |
---------------+----------------------------+-----
Maces & Flails | 1 2 3 4 5 7 8 10 12 | 12.1
Fighting       | |  2.0
Bows           | |  5.0
Throwing       | |  1.0
Dodging        | |  1.0
Evocations     | |  1.1

Action                   |  1- 3 |  4- 6 |  7- 9 || total
-------------------------+-------+-------+-------++-------
Melee: Mace              |    80 |    10 |       ||    90
       Constrict         |    27 |    18 |    31 ||    76
       Tentacles         |    11 |    10 |    52 ||    73
       Flail             |       |    66 |   114 ||   180
       Whip              |       |       |   113 ||   113
 Fire: Blowgun           |       |    32 |       ||    32
Throw: Stone             |    63 |     3 |    11 ||    77
Invok: Berserk           |       |       |    11 ||    11
Evoke: Club              |       |     2 |     2 ||     4
  Use: Scroll            |     1 |     5 |     9 ||    15
       Potion            |       |       |     1 ||     1
 Stab: Sleeping          |     2 |     3 |     7 ||    12
  Eat: Chunk             |     3 |     2 |    12 ||    17
       Meat ration       |     1 |     1 |       ||     2
       Pizza             |       |     1 |       ||     1
       Bread ration      |       |       |     2 ||     2
       Fruit             |       |       |     8 ||     8
Armor: Skin              |    15 |     6 |     8 ||    29
Dodge: Dodged            |    54 |    40 |    65 ||   159
Block: Shield            |       |       |    20 ||    20
       Buckler           |       |       |    10 ||    10
